 Dungeon Crawl Stone Soup version 0.21.1-1-g345015f (webtiles) character file.

3256 microfolk the Geomancer (level 9, -3/81 HPs)
             Began as a Deep Dwarf Necromancer on May 1, 2018.
             Was a Follower of Makhleb.
             Slain by a two-headed ogre
             ... wielding a +0 giant club
              (18 damage)
             ... on level 8 of the Dungeon.
             The game lasted 00:46:17 (13310 turns).

microfolk the Geomancer (Deep Dwarf Necromancer)   Turns: 13310, Time: 00:46:18

Health: -3/81      AC:  6    Str: 13    XL:     9   Next: 67%
Magic:  2/18       EV: 13    Int: 18    God:    Makhleb [*.....]
Gold:   473        SH:  0    Dex: 13    Spells: 8/20 levels left

rFire    . . .     SeeInvis .   S - +4 Vampire's Tooth {vamp}
rCold    . . .     Gourm    .   (no shield)
rNeg     . . .     Faith    .   d - +0 leather armour
rPois    .         Spirit   .   (no helmet)
rElec    .         Reflect  .   R - +0 cloak
rCorr    .         Harm     .   H - +0 pair of gloves (curse)
MR       +....                  E - +0 pair of boots
Stlth    ++........             w - amulet of rage
HPRegen  0.00/turn              (no ring)
MPRegen  0.16/turn              (no ring)

@: very slightly contaminated, non-regenerating
A: damage resistance, heal wounds, sense surroundings 2, no regeneration
a: Heal Wounds, Renounce Religion, Evoke Berserk Rage


You were on level 8 of the Dungeon.
You worshipped Makhleb.
Makhleb was aware of your devotion.
You were hungry.

You visited 2 branches of the dungeon, and saw 9 of its levels.

You collected 473 gold pieces.

Inventory:

Hand Weapons
 e - a +0 dagger
 f - a cursed -3 hunting sling
 n - a +2 short sword of speed
 D - a +0 hand axe
 S - the +4 Vampire's Tooth (weapon) {vamp}
   (You found it on level 6 of the Dungeon)

   It inflicts no extra harm, but heals its wielder when it wounds a living foe.
Missiles
 g - 197 stones (quivered)
 y - 24 arrows
Armour
 a - a +0 robe
 d - a +0 leather armour (worn)
 m - a +0 scale mail
 p - a +0 cloak
 t - a +0 chain mail
 A - a +0 buckler
 B - a +0 leather armour
 E - a +0 pair of boots (worn)
 H - a cursed +0 pair of gloves (worn)
 M - a +0 large shield
 Q - a +0 robe of positive energy
 R - a +0 cloak (worn)
 X - the +2 ring mail of the Sun {-Cast rCorr Str+3, unknown}
   (You took it off a gnoll on level 7 of the Dungeon)

   It affects your strength (+3).
   It prevents spellcasting.
   It protects you from acid and corrosion.
 Y - a +0 ring mail of cold resistance
Jewellery
 j - a +2 ring of strength {unknown}
 u - an uncursed ring of positive energy {unknown}
 w - an amulet of rage (around neck)
 O - a cursed -3 ring of intelligence {unknown}
 U - an uncursed ring of positive energy {unknown}
 V - an uncursed ring of poison resistance {unknown}
Wands
 J - a wand of clouds (6)
 N - a wand of flame (34)
 T - a wand of iceblast (5)
Scrolls
 h - 4 scrolls of amnesia
 i - a scroll of fear {unknown}
 l - a scroll of random uselessness {unknown}
 o - a scroll of enchant weapon {unknown}
 q - a scroll of immolation {unknown}
 r - a scroll of blinking {unknown}
 v - a scroll of teleportation {unknown}
 C - a scroll of remove curse {unknown}
 F - a scroll of noise {unknown}
 I - a scroll of fog {unknown}
Potions
 k - 3 potions of curing
 s - 2 potions of cancellation
 z - 2 potions of agility
 G - a potion of ambrosia {unknown}
 K - a potion of invisibility {unknown}
 L - a potion of heal wounds {unknown}
 P - 2 potions of magic {unknown}
 W - a potion of brilliance {unknown}
Books
 b - a book of Necromancy

   Spells                             Type                      Level
   a - Pain                           Necromancy                   1
   b - Animate Skeleton               Necromancy                   1
   c - Vampiric Draining              Necromancy                   3
   d - Regeneration                   Charms/Necromancy            3
   e - Animate Dead                   Necromancy                   4
   f - Borgnjor's Vile Clutch         Necromancy/Earth             5
 x - a book of Changes

   Spells                             Type                      Level
   a - Beastly Appendage              Transmutation                1
   b - Sticks to Snakes               Transmutation                2
   c - Spider Form                    Transmutation/Poison         3
   d - Ice Form                       Ice/Transmutation            4
   e - Blade Hands                    Transmutation                5
Comestibles
 c - 5 rations
 Z - 3 chunks of flesh


   Skills:
 - Level 5.2 Fighting
 + Level 1.9 Armour
 - Level 4.2 Dodging
 - Level 2.4 Stealth
 - Level 6.0 Spellcasting
 + Level 6.7 Necromancy
 - Level 3.0 Transmutations
 * Level 9.6 Earth Magic


You had 8 spell levels left.
You knew the following spells:

 Your Spells              Type           Power        Failure   Level  Hunger
a - Pain                  Necr           ####         1%          1    None
b - Animate Skeleton      Necr           N/A          1%          1    None
c - Vampiric Draining     Necr           ####......   2%          3    ##.....
d - Sticks to Snakes      Tmut           ###.....     6%          2    None
e - Borgnjor's Vile Clut  Necr/Erth      ####......   14%         5    #####..


Dungeon Overview and Level Annotations

Branches:
Dungeon (8/15)             Temple (1/1) D:6            Lair (0/6) D:8

Altars:
Ashenzari
Cheibriados
Dithmenos
Fedhas
Gozag
Hepliaklqana
Kikubaaqudgha
Makhleb
Nemelex Xobeh
Okawaru
Qazlal
Ru
Sif Muna
Trog
Vehumet
Wu Jian
Xom
Yredelemnul
Zin
The Shining One

Annotations:
D:1 exclusion: downstairs
D:3 exclusion: 2 downstairs
D:4 exclusion: downstairs, Eustachio; Prince Ribbit; Verendum's ghost, amateur GrMo
D:5 exclusion: downstairs
D:6 exclusions: 4 doors and 2 downstairs
D:8 1 exclusion


Innate Abilities, Weirdness & Mutations

You are resistant to damage.
You can heal yourself by infusing magical energy.
You passively map the area around you.
You do not regenerate.


Message History

Your ball python bites the two-headed ogre but does no damage. x2
Your adder bites the two-headed ogre but does no damage.
The bullfrog hits you but does no damage.
You barely miss the two-headed ogre.
The two-headed ogre is heavily wounded.
The bullfrog hits you.
Your ball python bites the two-headed ogre but does no damage.
Your ball python bites the two-headed ogre.
The two-headed ogre barely misses you. x2
Your adder barely misses the two-headed ogre.
You hit the two-headed ogre.
You feel better.
The two-headed ogre is severely wounded.
The bullfrog hits you!
* * * LOW HITPOINT WARNING * * *
Your ball python barely misses the two-headed ogre.
Your adder barely misses the two-headed ogre.
Your ball python completely misses the two-headed ogre.
The bullfrog closely misses you. The two-headed ogre misses you.
The two-headed ogre hits you with a giant club!!
You die...

# # ####### #
#.....########## #
#..............######
####.....##............#
.........##..###..####.#
##..................##.####
#......####..###F.........#
...._..........S@.#..#.##.#
#......#####..SOS......##[#
.......#<......##.#....##.#
#.#.##.#.......##.#.......#
#.#.##.#.......##.#..#.##.#
....##.........##.........#
....####.......##.#....##.#
#.### #.......##...#####.#
#.# #.......###..#####.#


You could see a two-headed ogre, a bullfrog, a friendly adder and 2 friendly
ball pythons.

Vanquished Creatures
  Pikel (D:5)
  A troll (D:7)
  A hornet (D:8)
  Duvessa (D:5)
  A sky beast (D:7)
  2 slaves (D:5)
  An ice beast (D:7)
  An ogre (D:7)
  A centaur (D:7)
  Blork the orc (D:5)
  3 bullfrogs
  A big kobold (D:5)
  Dowan (D:5)
  A water moccasin zombie (D:6)
  A scorpion (D:7)
  3 killer bees (D:5)
  2 vampire bats (D:6)
  A wight (D:5)
  A crimson imp (D:4)
  A quasit (D:6)
  A jelly (D:7)
  4 hounds
  3 iguanas
  8 orc wizards
  A bullfrog skeleton (D:6)
  7 worker ants
  A hound zombie (D:6)
  2 hound skeletons
  10 gnolls
  6 adders
  An ooze (D:2)
  A worm (D:3)
  3 dart slugs
  5 leopard geckos
  20 orcs
  2 ball pythons
  6 giant cockroaches
  11 goblins
  11 hobgoblins
  6 jackals
  2 quokkas
  11 bats
  4 frilled lizards
  18 kobolds
  5 rats
175 creatures vanquished.

Vanquished Creatures (collateral kills)
  2 hell hounds (D:8)
  An orc warrior (D:7)
  A wight (D:6)
  A worker ant (D:4)
  A killer bee zombie (D:6)
  A gnoll (D:7)
  An orc (D:3)
  A hobgoblin (D:1)
  A ball python (D:6)
  A bat (D:6)
  A frilled lizard (D:2)
  A kobold (D:1)
  2 rats
15 creatures vanquished.

Vanquished Creatures (others)
  A slave (D:7)
  A wight (D:5)
2 creatures vanquished.

Grand Total: 192 creatures vanquished

Notes
Turn   | Place    | Note
-------+----------+-------------------------------------------
     0 | D:1      | microfolk the Deep Dwarf Necromancer began the quest for the Orb.
     0 | D:1      | Reached XP level 1. HP: 15/15 MP: 3/3
   285 | D:1      | Reached XP level 2. HP: 22/22 MP: 0/5
   294 | D:1      | Learned a level 1 spell: Animate Skeleton
   959 | D:1      | Reached XP level 3. HP: 28/28 MP: 4/6
   972 | D:1      | Learned a level 3 spell: Vampiric Draining
  1799 | D:2      | Reached skill level 5 in Necromancy
  2574 | D:2      | Reached XP level 4. HP: 19/36 MP: 0/7
  3329 | D:3      | Reached XP level 5. HP: 25/42 MP: 0/9
  3812 | D:3      | Learned a level 2 spell: Sticks to Snakes
  4648 | D:3      | Found an ancient bone altar of Kikubaaqudgha.
  4917 | D:4      | Reached XP level 6. HP: 38/50 MP: 1/11
  5006 | D:4      | Noticed Verendum's ghost (amateur GrMo)
  5068 | D:4      | Reached skill level 1 in Fighting
  6386 | D:4      | Noticed Eustachio
  6592 | D:5      | Entered Level 5 of the Dungeon
  6625 | D:5      | Noticed a slave
  6626 | D:5      | Noticed a slave
  6873 | D:5      | Noticed Duvessa
  6873 | D:5      | Noticed Dowan
  7031 | D:5      | Noticed Prince Ribbit
  7160 | D:4      | HP: 1/52 [Prince Ribbit (11)]
  7477 | D:6      | Found a staircase to the Ecumenical Temple.
  7524 | D:5      | Reached skill level 1 in Transmutations
  7524 | D:5      | Reached XP level 7. HP: 41/60 MP: 0/13
  7967 | Temple   | Entered the Ecumenical Temple
  8013 | Temple   | Became a worshipper of Makhleb the Destroyer
  8398 | D:6      | Found an iron altar of Okawaru.
  8802 | D:6      | Learned a level 5 spell: Borgnjor's Vile Clutch
  8893 | D:6      | Reached skill level 1 in Earth Magic
  9036 | D:6      | Found an opulent altar of Gozag.
  9138 | D:6      | Found the +4 Vampire's Tooth {vamp}
  9197 | D:6      | Reached skill level 2 in Earth Magic
  9197 | D:6      | Reached XP level 8. HP: 63/69 MP: 14/14
  9261 | D:6      | Reached * piety under Makhleb
  9356 | D:5      | Reached skill level 3 in Earth Magic
  9557 | D:5      | Killed Duvessa
  9574 | D:5      | Killed Dowan
  9574 | D:5      | Reached skill level 4 in Earth Magic
  9805 | D:5      | Noticed Pikel
 10064 | D:5      | Killed Pikel
 10064 | D:5      | Reached skill level 5 in Spellcasting
 10064 | D:5      | Reached skill level 6 in Earth Magic
 10212 | D:5      | Noticed Blork the orc
 10224 | D:5      | Killed Blork the orc
 10968 | D:6      | Gained mutation: You passively map the area around you. [Deep Dwarf growth]
 10968 | D:6      | Reached XP level 9. HP: 57/79 MP: 6/17
 11072 | D:7      | Reached skill level 7 in Earth Magic
 11675 | D:7      | Noticed a troll
 11959 | D:7      | Reached skill level 5 in Fighting
 11959 | D:7      | Reached skill level 8 in Earth Magic
 12093 | D:7      | Got an aquamarine-studded ring mail
 12197 | D:7      | Found a snail-covered altar of Cheibriados.
 12198 | D:7      | Found an ornate altar of the Wu Jian Council.
 12613 | D:8      | Found a staircase to the Lair.
 12850 | D:7      | Killed a troll
 13062 | D:8      | Found an iron altar of Okawaru.
 13086 | D:8      | Paralysed by a hornet for 3 turns
 13090 | D:8      | Reached skill level 1 in Armour
 13090 | D:8      | Reached skill level 9 in Earth Magic
 13181 | D:8      | Noticed a two-headed ogre
 13310 | D:8      | Slain by a two-headed ogre

Skill      XL: |  1  2  3  4  5  6  7  8  9 |
---------------+----------------------------+-----
Spellcasting   | 2 3 4 5 6 |  6.0
Dodging        | 3 4 |  4.2
Necromancy     | 5 6 |  6.7
Fighting       | 2 3 4 5 |  5.2
Transmutations | 1 3 |  3.0
Earth Magic    | 2 6 9 |  9.6
Armour         | 1 |  1.9
Stealth        | |  2.4

Action                   |  1- 3 |  4- 6 |  7- 9 || total
-------------------------+-------+-------+-------++-------
Melee: Short sword       |     3 |    60 |    95 ||   158
       Dagger            |       |       |   157 ||   157
Throw: Stone             |    18 |    25 |    10 ||    53
 Cast: Pain              |    62 |    74 |    42 ||   178
       Animate Skeleton  |    16 |    11 |    20 ||    47
       Vampiric Draining |    14 |    61 |   123 ||   198
       Sticks to Snakes  |       |       |    25 ||    25
 Abil: Heal Wounds       |       |     1 |     3 ||     4
Evoke: Wand              |       |       |     4 ||     4
  Use: Scroll            |     2 |     3 |       ||     5
 Stab: Distracted        |       |       |     3 ||     3
  Eat: Chunk             |     5 |    12 |    16 ||    33
       Ration            |     1 |     3 |     4 ||     8
Armor: Robe              |     5 |    21 |       ||    26
       Leather armour    |       |     5 |   127 ||   132
Dodge: Dodged            |    24 |   118 |   295 ||   437
